 Dungeon Crawl Stone Soup version 0.13.0-29-gdb529de (webtiles) character file.

553 Dancer the Stinger (level 6, -6/41 HPs)
             Began as a Mummy Venom Mage on Nov 6, 2013.
             Killed by divine providence
             ... invoked by an orc priest
              (14 damage)
             ... on Level 4 of the Dungeon.
             The game lasted 00:10:59 (6504 turns).

Dancer the Stinger (Mummy Venom Mage)               Turns: 6504, Time: 00:10:59

HP  -6/41        AC  2     Str 12      XL: 6   Next: 18%
MP   2/9         EV 12     Int 15      God:
Gold 241         SH  0     Dex 12      Spells:  2 memorised,  2 levels left

Res.Fire  : x . .   See Invis. : .   d - +0 dagger
Res.Cold  : + . .   Warding    : .   a - +0 robe
Life Prot.: + + +   Conserve   : .   (no shield)
Res.Poison: +       Res.Corr.  : .   (no helmet)
Res.Elec. : .       Clarity    : .   (no cloak)
Sust.Abil.: . .     Spirit.Shd : .   (no gloves)
Res.Mut.  : .       Stasis     : .   (no boots)
Res.Rott. : +       Flight     : .   (no amulet)
Saprovore : . . .                    (no ring)
                                     i - ring of protection from magic {unknown}

@: very slightly contaminated, quite resistant to hostile enchantments,
unstealthy
A: no food or potions, fire vulnerability, restore body, cold resistance 1, life
protection 3, poison resistance, torment resistance, unbreathing
a: no special abilities


You were on level 4 of the Dungeon.
You were not hungry.

You visited 1 branch of the dungeon, and saw 5 of its levels.

You collected 221 gold pieces.

Inventory:

Hand weapons
 d - a +0,+0 dagger (weapon)
 f - a +0,+0 short sword
Missiles
 c - 6 curare-tipped needles
Armour
 a - a +0 robe (worn)
 h - a +0 ring mail
Scrolls
 g - a scroll of noise
 j - 3 scrolls of identify {unknown}
 l - 2 scrolls of magic mapping
 m - a scroll of remove curse
Jewellery
 i - a ring of protection from magic (left hand) {unknown}
Books
 b - a Young Poisoner's Handbook

   Spells                             Type                      Level
   *Sting                             Conjuration/Poison           1
   Cure Poison                        Poison                       2
   Mephitic Cloud                     Conjuration/Poison/Air       3
   *Olgreb's Toxic Radiance           Poison                       4
   Venom Bolt                         Conjuration/Poison           5
 k - a book of Burglary

   Spells                             Type                      Level
   Apportation                        Translocation                1
   Swiftness                          Charms/Air                   2
   Passwall                           Transmutation/Earth          3
   Passage of Golubria                Translocation                4
   Lee's Rapid Deconstruction         Earth                        5
   Darkness                           Hexes                        7


   Skills:
 - Level 1.5 Dodging
 - Level 1.5 Stealth
 - Level 1.0 Spellcasting
 + Level 6.2 Poison Magic


You had 2 spell levels left.
You knew the following spells:

 Your Spells              Type           Power        Failure   Level  Hunger
a - Sting                 Conj/Pois      ##..         10%         1    N/A
b - Olgreb's Toxic Radia  Pois           ###.....     21%         4    N/A

Dungeon Overview and Level Annotations

Branches:
Dungeon (5/27)
 Temple: D:4-7

Altars:
Ashenzari


Innate Abilities, Weirdness & Mutations

You do not eat or drink.
Your flesh is vulnerable to fire.
Your flesh is cold resistant.
You are immune to negative energy.
Your system is resistant to poisons.
You are immune to unholy pain and torment.
You can survive without breathing.


Message History

Something smites you!
Unknown command.
Read which item? (? for menu, Esc to quit)
Blink to where?
Press: ? - help, Dir - move target cursor, p - orc priest
As you read the scroll of blinking, it crumbles to dust. 2 orcs come into view.
The orc shouts!
The orc hits you with an orcish trident!
* * * LOW HITPOINT WARNING * * *
Unknown command.
Unknown command.
The orc completely misses you.
Unknown command.
The orc hits you.
* * * LOW HITPOINT WARNING * * *
Unknown command.
The orc priest invokes the aid of Beogh against you.
Something smites you!
You die...

#################################
.................................
.....%...........................
.....)....o.................#####
............................#
############.o..............#
#.o..............#
#..o.............#
#....@.#####.....# #......#
#.....# #......# #.....#####
#......# #.......... #......#
#.......... #......# .........
#......##+##.....p....
####....................#
.o.......................#


You could see an orc priest and 3 orcs.

Vanquished Creatures
  An ogre (D:3)
  A hound (D:4)
  A scorpion (D:5)
  Ijyb (D:4)
  5 gnolls
  4 adders
  A giant mite (D:4)
  A worm (D:2)
  A giant eyeball (D:4)
  A giant gecko (D:2)
  An orc (D:4)
  A ball python (D:2)
  3 giant cockroaches
  9 goblins
  6 hobgoblins
  8 jackals (D:2)
  5 kobolds
  10 bats
  2 giant newts
  5 rats
67 creatures vanquished.

Notes
Turn   | Place    | Note
--------------------------------------------------------------
     0 | D:1      | Dancer, the Mummy Venom Mage, began the quest for the Orb.
     0 | D:1      | Reached XP level 1. HP: 13/13 MP: 3/3
   773 | D:1      | Reached XP level 2. HP: 17/19 MP: 1/4
  1623 | D:2      | Reached skill level 4 in Poison Magic
  2081 | D:2      | Reached XP level 3. HP: 24/24 MP: 2/5
  3394 | D:3      | Reached XP level 4. HP: 30/30 MP: 1/7
  3784 | D:3      | Learned a level 4 spell: Olgreb's Toxic Radiance
  3862 | D:3      | Found a shattered altar of Ashenzari.
  4094 | D:3      | Noticed an ogre
  4114 | D:3      | Killed an ogre
  4114 | D:3      | Reached skill level 5 in Poison Magic
  4114 | D:3      | Reached XP level 5. HP: 35/35 MP: 2/8
  5697 | D:4      | Noticed Ijyb
  5724 | D:4      | Killed Ijyb
  5741 | D:4      | Noticed a phantom
  5774 | D:5      | Entered Level 5 of the Dungeon
  5870 | D:5      | Reached skill level 6 in Poison Magic
  5870 | D:5      | Reached XP level 6. HP: 39/41 MP: 0/9
  6504 | D:4      | Killed from afar by an orc priest

Action                   |  1- 3 |  4- 6 || total
-------------------------+-------+-------++-------
Melee: Dagger            |    21 |     1 ||    22
       Unarmed           |     1 |       ||     1
 Cast: Sting             |    81 |    91 ||   172
       Olgreb's Toxic Ra |       |     1 ||     1
  Use: Scroll            |     9 |     2 ||    11
